Map: Orbital Shipyard

Players

start - Winner!

  • Race: Zerg Zerg
  • League: Grandmaster

wabbajack

  • Race: Zerg Zerg
  • League: Grandmaster

VOD

Have the link to the VOD?

Description

Time

  • Played on: July 14, 2015, 3:41 p.m.
  • Length: 3:37
Show
View Real Time Build Order
Export as new Build Order

start Zerg - Winner!

Build Orders: Pool First 

Get SALT Encoding   

  12  0:03  Extractor  
  11  0:22  Spawning Pool  
  11  0:27  Drone  
  11  0:31  Drone  
  12  0:39  Drone  
  13  0:45  Drone  
  14  0:56  Overlord  
  14  1:08  Metabolic Boost  
  14  1:18  Queen  
  14  1:24  Zergling x2  
  17  1:27  Zergling x2  
  17  1:31  Zergling x2  
  19  1:39  Zergling x2  
  20  2:00  Hatchery  
  19  2:05  Zergling x2  
  19  2:06  Zergling x2  
  21  2:15  Overlord  
  21  2:34  Zergling x2  
  21  2:35  Zergling x6  
  21  2:36  Zergling x2  
  23  3:06  Zergling x2  
  23  3:07  Zergling x12  
  30  3:18  Baneling Nest  
Show
View Real Time Build Order
Export as new Build Order

wabbajack Zerg 

Build Orders: Hatch First 

Get SALT Encoding   

  12  0:04  Drone  
  13  0:13  Drone  
  14  0:18  Drone, Extractor  
  15  0:24  Overlord  
  15  0:46  Hatchery  
  15  0:49  Drone  
  15  0:53  Drone  
  16  1:08  Spawning Pool  
  16  1:11  Extractor  
  14  1:12  Drone  
  14  1:16  Drone  
  16  1:20  Drone  
  17  1:27  Drone  
  18  1:38  Overlord  
  18  1:46  Drone  
  19  1:54  Queen  
  19  1:58  Queen  
  23  2:03  Zergling x2  
  23  2:07  Drone x2  
  26  2:10  Drone  
  27  2:19  Drone  
  28  2:23  Drone  
  28  2:40  Zergling x4  
  28  2:41  Queen  
  28  2:43  Zergling x4  
  27  3:05  Zergling x4  
  27  3:11  Roach Warren  
Tags
 
Add a new tag
Caveats
  • Supply blocks, unpowered buildings, or Contaminate may cause inaccurate times.
  • Supply counts are checked every 10 seconds.